 Dungeon Crawl Stone Soup version 0.31-a0-175-g9f7f995f2b (webtiles) character file.

Game seed: 9394814433286691573

22 Moral the Covered (level 3, -5/29 HPs)
             Began as a Human Fighter on June 17, 2023.
             Slain by Terence
             ... wielding a +0 flail
              (7 damage)
             ... on level 2 of the Dungeon.
             The game lasted 00:01:47 (953 turns).

Moral the Covered (Human Fighter)                    Turns: 953, Time: 00:01:50

Health: -5/29      AC:  6    Str: 18    XL:     3   Next: 7%
Magic:  3/3        EV:  9    Int:  8    God:
Gold:   62         SH:  4    Dex: 12    Spells: 2/2 levels left

rFire   . . .        a - +0 flail
rCold   . . .        c - +0 buckler
rNeg    . . .        b - +0 scale mail
rPois   .            (no helmet)
rElec   .            (no cloak)
rCorr   .            (no gloves)
SInv    .            (no boots)
Will    .....        (no amulet) Stlth
                     (no ring)
HPRegen 0.24/turn    (no ring)
MPRegen 0.08/turn

%: no passive effects
@: lethally poisoned (-5 -> -6)
A: no striking features
a: no special abilities


You were on level 2 of the Dungeon.
You visited 1 branch of the dungeon, and saw 2 of its levels.

You collected 62 gold pieces.

Inventory:

Hand Weapons
 a - a +0 flail (weapon)
Armour
 b - a +0 scale mail (worn)
 c - a +0 buckler (worn)
Scrolls
 e - a scroll of teleportation {unknown}
 f - a scroll of torment {unknown}
 g - 2 scrolls of poison {unknown}
Potions
 d - a potion of might
 h - a potion of heal wounds {unknown}
 i - a potion of curing {unknown}


   Skills:
 * Level 3.2 Fighting
 + Level 2.3 Maces & Flails
 * Level 3.3 Armour
 + Level 3.2 Shields


You had 2 spell levels left.
You didn't know any spells.
Your spell library contained the following spells:

 Spells                   Type           Power      Damage    Failure   Level
 Animate Dead             Necr           0%         N/A       100%        4
 Haunt                    Necr/Summ      0%         N/A       100%        7
 Infestation              Necr           0%         N/A       100%        8


Dungeon Overview and Level Annotations

Branches:
Dungeon (2/15)

Altars:

Annotations:
D:2 Terence


Message History

You miss the adder. The adder barely misses you.
The adder bites you but does no damage.
You hit Terence.
Terence is lightly wounded.
Terence misses you. The adder bites you.
A bat comes into view.
You hit the adder but do no damage. The adder bites you but does no damage.
Terence closely misses you. The adder bites you but does no damage.
Terence screams, "I'm going to kill you!"
You block Terence's attack.
You completely miss the adder. You block the adder's attack.
The bat hits you but does no damage. Terence closely misses you.
The adder bites you.
You closely miss the adder. You block the bat's attack. x2
The adder bites you but does no damage. The bat closely misses you.
Terence completely misses you.
You barely miss the adder. The bat hits you but does no damage. x2
The adder bites you but does no damage. Terence hits you with a +0 flail!
The bat barely misses you. The adder bites you.
You closely miss the adder. The bat hits you but does no damage.
Terence closely misses you. The adder bites you.
You are poisoned.
The adder poisons you! Terence hits you with a +0 flail.
You block the adder's attack.
You barely miss the adder.
You feel sick. The bat barely misses you. You block the adder's attack.
Terence hits you with a +0 flail!
* * * LOW HITPOINT WARNING * * *
You hit the adder.
The adder is heavily wounded.
You feel sick. The bat barely misses you. The adder closely misses you.
Terence closely misses you. You block the adder's attack.
The bat closely misses you.
You closely miss the adder.
The adder is heavily wounded.
* * * LOW HITPOINT WARNING * * *
You feel sick. The adder bites you but does no damage.
You block Terence's attack. The bat completely misses you. The adder bites you.
* * * LOW HITPOINT WARNING * * *
Terence hits you with a +0 flail!
You die...

########....#
#........[..#.
#.............
#.............
#.............
#.............
##....b@S......
.......@.......
..........###..
...######## .


You could see Terence, an adder and a bat.

Vanquished Creatures
  2 dart slugs (D:1)
  2 bats (D:1)
  An endoplasm (D:1)
  2 giant cockroaches
  A goblin (D:1)
  A hobgoblin (D:1)
  2 quokkas (D:1)
  6 kobolds (D:1)
17 creatures vanquished.

Notes
Turn   | Place    | Note
-------+----------+-------------------------------------------
     0 | D:1      | Moral the Human Fighter began the quest for the Orb.
     0 | D:1      | Reached XP level 1. HP: 18/18 MP: 1/1
    91 | D:1      | Reached XP level 2. HP: 12/24 MP: 2/2
   856 | D:1      | Reached XP level 3. HP: 29/29 MP: 3/3
   939 | D:2      | Noticed Terence
   953 | D:2      | Slain by Terence

Illustrated notes

Levels and vault maps discovered:
D:1:      dpeg_arrival_lava_temple_mockup, layout_loops_ring
D:2:      layout_basic, hellmonk_ecumenical_altar_arch_garden,
          pf_guarded_unrand_woodcutter, uniq_jessica, uniq_natasha, uniq_terence

Action                     || total
---------------------------++-------
  Melee: Flail             ||    78
 Armour: Scale mail        ||    46
  Dodge: Dodged            ||    40
  Block: Buckler           ||    23

Table legend: (Time is in decaauts)
 A = Elapsed time spent in this place.
 B = Non-inter-level travel time spent in this place.
 C = Inter-level travel time spent in this place.
 D = Time resting spent in this place.
 E = Time spent auto-exploring this place.
 F = Levels seen in this place.
 G = Mean time per level.
                   A        B        C        D        E       F      G
               +--------+--------+--------+--------+--------+-----+--------+
         Total |    977 |    977 |      0 |    174 |    596 |   2 |  488.5 |
       Dungeon |    977 |    977 |      0 |    174 |    596 |   2 |  488.5 |
               +--------+--------+--------+--------+--------+-----+--------+

Top non-repeatable levels by time:
     D:1: 961 daAuts
     D:2: 16 daAuts
